 Dungeon Crawl Stone Soup version 0.19-a0-994-g3c636f0 (webtiles) character file.

189 Gagarin the Sneak (level 5, -1/36 HPs)
             Began as a Vampire Enchanter on July 16, 2016.
             Killed from afar by Blork the orc (6 damage)
             ... with a puff of frost
             ... on level 4 of the Dungeon.
             The game lasted 00:12:35 (2253 turns).

Gagarin the Sneak (Vampire Enchanter)               Turns: 2253, Time: 00:12:36

Health: -1/36      AC:  4    Str:  8    XL:     5   Next: 40%
Magic:  4/9        EV: 13    Int: 18    God:
Gold:   118        SH:  0    Dex: 14    Spells: 3 memorised, 4 levels left

rFire  . . .     SeeInvis +     a - +2 dagger
rCold  . . .     Gourm    .     b - +2 robe
rNeg   . . .     Faith    .     (no shield)
rPois  .         Spirit   .     (no helmet)
rElec  .         Dismiss  .     (no cloak)
rCorr  .         Reflect  .     (no gloves)
SustAt .         Harm     .     (no boots)
MR     .....                    (no amulet)
Stlth  ++++......               (no ring)
                                (no ring)

@: very slightly contaminated, regenerating quickly, invisible, not resistant to
hostile enchantments, stealthy
A: fangs 3, see invisible, unbreathing
a: no special abilities


You were on level 4 of the Dungeon.
You were full.

You visited 1 branch of the dungeon, and saw 4 of its levels.

You collected 118 gold pieces.

Inventory:

Hand Weapons
 a - a +2 dagger (weapon)
Missiles
 s - 20 bolts
Armour
 b - a +2 robe (worn)
Jewellery
 j - a cursed amulet of inaccuracy {unknown}
 n - an uncursed ring of stealth {unknown}
Wands
 o - a wand of lightning (8/15)
Scrolls
 f - a scroll of enchant armour
 i - 2 scrolls of teleportation
 l - a scroll of fog
Potions
 d - 13 potions of blood
 e - a potion of brilliance {unknown}
 g - 2 potions of haste {unknown}
 m - a potion of curing {unknown}
Books
 c - a book of Maledictions

   Spells                             Type                      Level
   a - Corona                         Hexes                        1
   b - Ensorcelled Hibernation        Hexes/Ice                    2
   c - Confuse                        Hexes                        3
   d - Tukima's Dance                 Hexes                        3
   e - Dazzling Spray                 Conjuration/Hexes            3


   Skills:
 + Level 0.5 Fighting
 + Level 1.3 Short Blades
 + Level 3.0 Dodging
 + Level 6.6 Stealth
 + Level 3.0 Spellcasting
 + Level 5.3 Hexes
 + Level 1.2 Ice Magic


You had 4 spell levels left.
You knew the following spells:

 Your Spells              Type           Power        Failure   Level  Hunger
a - Corona                Hex            ###....      1%          1    None
b - Ensorcelled Hibernat  Hex/Ice        ##....       8%          2    ##.....
c - Dazzling Spray        Conj/Hex       ##....       21%         3    ###....


Dungeon Overview and Level Annotations

Branches:
Dungeon (4/15)
 Temple: D:4-7

Altars:
Fedhas

Annotations:
D:3 Gruud's ghost, amateur DsGl
D:4 Blork the orc


Innate Abilities, Weirdness & Mutations

Your natural rate of healing is unusually fast.
You have razor-sharp teeth.
You have supernaturally acute eyesight. (SInv)
You can survive without breathing.


Message History

An orc comes into view. It is wielding a hand axe.
You hit the centaur.
The centaur is severely wounded.
The centaur unwields an uncursed shortbow.
The centaur hits you.
* * * LOW HITPOINT WARNING * * *
You closely miss the centaur. You bite the centaur, but do no damage.
The centaur is severely wounded.
Blork the orc closely misses you. The centaur closely misses you.
The centaur barely misses you. Blork the orc misses you.
You hit the centaur.
The centaur is almost dead.
Blork the orc is no longer moving quickly.
The centaur closely misses you. Blork the orc closely misses you.
You hit the centaur but do no damage.
The centaur is almost dead.
The centaur misses you. Blork the orc casts a spell at you.
The puff of frost hits you!
You die...

.......................#.
.............#.#.#.#.#.#.
.........................
..........##+#.#.#.#.#.#.
..........##.........>...
######'####.#.#.#.#.#.#.
#.##.....##....##....###
#.....oc..#....#####'#..
+......@..#...)#........
#.........#....(........
##.....####....##.......
#.....# #....##......#
...............#########
.................
.................
##...########+##


You could see Blork the orc (invisible) and a centaur.

Vanquished Creatures
  A water moccasin skeleton (D:4)
  Jessica (D:2)
  A worker ant (D:4)
  An ooze (D:4)
  An adder skeleton (D:4)
  A worm (D:3)
  A dart slug (D:1)
  4 giant geckos
  4 orcs
  A ball python (D:3)
  3 giant cockroaches
  9 goblins
  12 hobgoblins
  4 jackals (D:2)
  2 quokkas
  5 bats
  A giant newt (D:3)
  9 kobolds
  12 rats
73 creatures vanquished.

Notes
Turn   | Place    | Note
-------+----------+-------------------------------------------
     0 | D:1      | Gagarin the Vampire Enchanter began the quest for the Orb.
     0 | D:1      | Reached XP level 1. HP: 13/13 MP: 3/3
    93 | D:1      | Reached XP level 2. HP: 11/19 MP: 0/5
   292 | D:1      | Learned a level 2 spell: Ensorcelled Hibernation
   692 | D:2      | Found a faded altar of an unknown god.
   705 | D:2      | Reached XP level 3. HP: 24/24 MP: 4/6
   708 | D:2      | Reached skill level 5 in Stealth
  1145 | D:2      | Found a blossoming altar of Fedhas.
  1145 | D:2      | Noticed Jessica
  1158 | D:2      | Killed Jessica
  1158 | D:2      | Reached skill level 5 in Hexes
  1158 | D:2      | Reached XP level 4. HP: 29/30 MP: 1/7
  1775 | D:3      | Learned a level 3 spell: Dazzling Spray
  1936 | D:3      | Noticed Gruud's ghost (amateur DsGl)
  2006 | D:4      | Reached skill level 6 in Stealth
  2006 | D:4      | Reached skill level 1 in Ice Magic
  2006 | D:4      | Reached XP level 5. HP: 2/36 MP: 4/9
  2201 | D:4      | Noticed a centaur
  2207 | D:4      | Noticed Blork the orc
  2253 | D:4      | Killed from afar by Blork the orc

Vault maps used:
D:1:      roderic_dead_forest
D:2:      ecumenical_altar_2, fedhas_altar_1, uniq_jessica
D:3:      minmay_misc_feat_roman, dk_noncrumbling_3
D:4:      st_stairs_13, nicolae_ru_sacrificial_ziggurat, uniq_blork_the_orc,
          uniq_purgy, uniq_crazy_yiuf_cottage

Skill      XL: |  1  2  3  4  5 |
---------------+----------------+-----
Stealth        | 5 6 |  6.6
Hexes          | 5 |  5.3
Dodging        | 3 |  3.0
Ice Magic      | 1 |  1.2
Spellcasting   | 3 |  3.0
Fighting       | |  0.5
Short Blades   | |  1.3

Action                   |  1- 3 |  4- 6 || total
-------------------------+-------+-------++-------
Melee: Dagger            |   147 |    60 ||   207
       Bite              |    12 |     4 ||    16
 Cast: Corona            |    18 |     2 ||    20
       Ensorcelled Hiber |    13 |    19 ||    32
       Dazzling Spray    |       |     1 ||     1
Evoke: Wand              |       |     2 ||     2
  Use: Scroll            |       |     8 ||     8
       Potion            |       |     2 ||     2
 Stab: Sleeping          |    14 |    19 ||    33
       Invisible         |       |     1 ||     1
  Eat: Corpse            |    14 |     7 ||    21
Armor: Robe              |    23 |    11 ||    34
Dodge: Dodged            |    98 |    55 ||   153
